 Dungeon Crawl Stone Soup version 0.30-a0-1035-g38d5fb2972 (webtiles) character file.

Game seed: 7807358764891857976

51 gelatine the Stinger (level 3, -3/24 HPs)
             Began as a Demonspawn Venom Mage on Apr 8, 2023.
             Slain by an iguana (10 damage)
             ... on level 3 of the Dungeon.
             The game lasted 00:02:59 (1588 turns).

gelatine the Stinger (Demonspawn Venom Mage)        Turns: 1588, Time: 00:03:00

Health: -3/24      AC:  2    Str:  8    XL:     3   Next: 57%
Magic:  2/6        EV: 12    Int: 18    God:
Gold:   19         SH:  0    Dex: 13    Spells: 5/6 levels left

rFire   . . .      SeeInvis .    o - +0 long sword
rCold   . . .      Faith    .    (no shield)
rNeg    . . .      Spirit   .    a - +0 robe
rPois   .          Reflect  .    (no helmet)
rElec   .          Rampage  .    (no cloak)
rCorr   .                        (no gloves)
Will    +....                    (no boots)
Stlth   ++                       (no amulet)
HPRegen 0.24/turn                n - ring of willpower
MPRegen 0.10/turn                (no ring)

@: no status effects
A: hooves 1
a: no special abilities


You were on level 3 of the Dungeon.
You visited 1 branch of the dungeon, and saw 3 of its levels.

You collected 19 gold pieces.

Inventory:

Hand Weapons
 c - a +0 dagger
 o - a +0 long sword (weapon)
Armour
 a - a +0 robe (worn)
Jewellery
 n - a ring of willpower (left hand)
Scrolls
 f - a scroll of enchant armour {unknown}
 h - a scroll of fear {unknown}
 i - 2 scrolls of identify {unknown}
 k - a scroll of poison {unknown}
 p - a scroll of brand weapon {unknown}
Potions
 b - a potion of magic
 d - a potion of curing {unknown}
 e - 2 potions of lignification {unknown}
 g - 2 potions of brilliance {unknown}
 j - a potion of attraction {unknown}
 l - a potion of heal wounds {unknown}
 m - a potion of cancellation {unknown}


   Skills:
 * Level 0.1 Fighting
 + Level 0.7(1.0) Short Blades
 + Level 1.0(1.1) Long Blades
 * Level 2.0 Dodging
 + Level 1.8 Stealth
 + Level 2.2 Spellcasting
 + Level 1.4 Transmutations
 * Level 3.5 Poison Magic


You had 5 spell levels left.
You knew the following spells:

 Your Spells              Type           Power      Damage    Failure   Level
a - Sting                 Tmut/Pois      40%        1d5       6%          1

Your spell library contained the following spells:

 Spells                   Type           Power      Damage    Failure   Level
 Poisonous Vapours        Pois/Air       16%        N/A       13%         2
 Mephitic Cloud           Conj/Pois/Air  6%         N/A       32%         3
 Olgreb's Toxic Radiance  Pois           14%        N/A       38%         4


Dungeon Overview and Level Annotations

Branches:
Dungeon (3/15)

Altars:


Innate Abilities, Weirdness & Mutations

You have large cloven feet.


Message History

You kill the goblin!
Things that are here:
a +0 dagger; a goblin corpse HP restored.
Magic restored.
Found 2 poisoned darts.
A bat comes into view.
The sting hits the bat.
The bat is poisoned.
You kill the bat!
An iguana comes into view.
You can't see any susceptible monsters within range! (Use Z to cast anyway.)
The iguana hisses angrily.
The sting hits the iguana.
The iguana is poisoned.
The iguana is moderately wounded.
The sting hits the iguana.
The iguana looks even sicker.
The iguana is moderately wounded.
The sting hits the iguana but does no damage.
The iguana looks even sicker.
The iguana is moderately wounded.
The iguana barely misses you.
You completely miss the iguana. You kick the iguana, but do no damage.
The iguana is heavily wounded.
The iguana bites you.
You hit the iguana. Your kick misses the iguana.
The iguana is heavily wounded.
The iguana barely misses you. The iguana bites you!
You barely miss the iguana.
The iguana is heavily wounded.
The iguana bites you.
* * * LOW HITPOINT WARNING * * *
You are too injured to fight recklessly!
Casting: Sting (safe; 6% risk of failure)
Confirm with . or Enter, or press ? or * to list all spells.
Aiming: Sting (safe; 6% risk of failure)
Press: ? - help, Shift-Dir - straight line, f/p - iguana
Aim: an iguana (severely wounded, very poisoned, 75% to hit)
The sting hits the iguana.
The iguana looks even sicker.
The iguana is severely wounded.
The iguana bites you!
You die...

#### .... .....
#######(.... ########
#...........
##....#<###...........
#..#...†..............
.....#)..##...@l......
..##.....###....#.....
........####....######
.....................
.###.....############
...###..# ... ....# .#
####.# ..#


You could see an iguana (very poisoned).

Vanquished Creatures
  2 adders
  A worm (D:2)
  3 endoplasms
  A hobgoblin (D:2)
  3 quokkas
  5 ball pythons
  4 bats
  2 frilled lizards
  7 goblins
  2 kobolds (D:1)
  A rat (D:2)
31 creatures vanquished.

Notes
Turn   | Place    | Note
-------+----------+-------------------------------------------
     0 | D:1      | gelatine the Demonspawn Venom Mage began the quest for the
                  | Orb.
     0 | D:1      | Reached XP level 1. HP: 13/13 MP: 3/3
   502 | D:1      | Gained mutation: You have large cloven feet. [demonic
                  | ancestry]
   502 | D:1      | Reached XP level 2. HP: 19/19 MP: 3/5
   626 | D:1      | Reached skill level 1 in Transmutations
   994 | D:2      | Reached XP level 3. HP: 14/24 MP: 3/6
  1516 | D:3      | Reached skill level 1 in Long Blades
  1588 | D:3      | Slain by an iguana

Illustrated notes

Levels and vault maps discovered:
D:1:      minmay_arrival_arboretum_small, layout_basic, serial_glass,
          glass_columns_a, glass_columns_a, nrook_uturn
D:2:      layout_basic
D:3:      layout_basic, gammafunk_temple_overflow_pools

Skill      XL: |  1  2  3 |
---------------+----------+-----
Transmutations | 1 |  1.4
Dodging        | 2 |  2.0
Long Blades    | 1 |  1.0
Fighting       | |  0.1
Short Blades   | |  0.7
Stealth        | |  1.8
Spellcasting   | |  2.2
Poison Magic   | |  3.5

Action                     || total
---------------------------++-------
  Melee: Dagger            ||    20
         Long sword        ||    15
         Kick              ||     7
         Punch             ||     1
   Cast: Sting             ||    57
 Armour: Robe              ||     5
  Dodge: Dodged            ||    23

Table legend: (Time is in decaauts)
 A = Elapsed time spent in this place.
 B = Non-inter-level travel time spent in this place.
 C = Inter-level travel time spent in this place.
 D = Time resting spent in this place.
 E = Time spent auto-exploring this place.
 F = Levels seen in this place.
 G = Mean time per level.
                   A        B        C        D        E       F      G
               +--------+--------+--------+--------+--------+-----+--------+
         Total |   1591 |   1487 |    104 |      0 |   1241 |   3 |  530.3 |
       Dungeon |   1591 |   1487 |    104 |      0 |   1241 |   3 |  530.3 |
               +--------+--------+--------+--------+--------+-----+--------+

Top non-repeatable levels by time:
     D:2: 782 daAuts
     D:1: 728 daAuts
     D:3: 80 daAuts
